Match 25399238
Unlisted

Match 25399238
End
Construct Infanterie Kompanie
Grenadier Squad
Grenadier Squad
Grenadier Squad
Construct Luftwaffe Kompanie
Selects Stuka Strafing Run
Selects Luftwaffe Pioneer Support
Jäger Squad
Stuka Strafing Run
Support Elements
Selects LG40 Recoilless Gun Paradrop
Jäger Squad
Flak 30 Anti-aircraft Gun Team
Selects Fallschirmjäger Squad Paradrop
Stuka Strafing Run
Stuka Strafing Run
Luftwaffe Officer Quarters
Infanterie Officer Quarters
Stuka Strafing Run
Selects Flak 36 Anti-tank Gun Emplacement
Wirbelwind Flakpanzer
Marder III M Tank Destroyer
Stuka Strafing Run
Stuka Strafing Run
Selects Fragmentation Bombs
Jäger Squad
Stuka Strafing Run
Stuka Strafing Run
Construct Panzergrenadier Kompanie
Marder III M Tank Destroyer
Stuka Strafing Run
Stuka Strafing Run
Medical Station
Grenadier Squad
Stuka Strafing Run
Stuka Strafing Run
Grenadier Squad
Marder III M Tank Destroyer
Stuka Strafing Run
Grenadier Squad
Grenadier Squad
Stuka Strafing Run
Stuka Strafing Run
Marder III M Tank Destroyer
Stuka Strafing Run
Grenadier Squad
Marder III M Tank Destroyer
Stuka Strafing Run
Selects Mechanized Battlegroup
Selects Luftwaffe Battlegroup
CPU - Easy
CPU - Easy
Assaulter6
TidaL
0
0

Comments sign in to comment!

No comments posted yet!